AoeStats
← AlmaFuerte1228

Arabia

507655056Analyzed
1v1 RM · 13d ago on Sep 19, 2026· 72m 2s· 2 players
Game mode
Random Map
Map size
Tiny (2 player)
Population
200
Speed
Normal
Resources
Standard
Victory
Conquest
Starting age
Dark Age
Ending age
Imperial Age
RankedLock teamsTeams togetherTeam positionsShared explorationLock speedFull tech treeHidden civsTurbo modeCheats
Victory
Defeat
🇲🇽 Saracens · Mexico
1162
+14
🇦🇷 Persians · Argentina
1126
-14
AlmaFuerte1228
6:42 Loom
9:12 Feudal Age
9:58 Double-Bit Axe
16:05 Forging
17:13 Man-at-Arms
18:24 Scale Barding Armor
18:58 Bloodlines
19:48 Scale Mail Armor
21:48 Horse Collar
25:24 Castle Age
25:11 Scale Barding Armor
25:58 Husbandry
26:53 Wheelbarrow
27:28 Iron Casting
29:00 Bow Saw
28:29 Long Swordsman
34:40 Chain Barding Armor
36:19 Light Cavalry
40:03 Crossbowman
40:35 Fletching
41:17 Elite Skirmisher
45:26 Heavy Plow
48:27 Imperial Age
47:02 Hand Cart
49:13 Ballistics
49:09 Husbandry
49:18 Heavy Camel Rider
51:15 Chemistry
50:37 Thumb Ring
51:25 Bodkin Arrow
53:10 Blast Furnace
52:48 Plate Barding Armor
53:13 Blast Furnace
54:35 Conscription
58:28 Padded Archer Armor
60:26 Leather Archer Armor
60:00 Hussar
62:29 Pikeman
63:23 Squires
63:39 Chain Mail Armor
63:23 Halberdier
b1gFooot
1:56 Loom
11:48 Feudal Age
13:13 Wheelbarrow
12:25 Double-Bit Axe
14:00 Stone Mining
18:54 Horse Collar
21:20 Fletching
23:09 Town Watch
25:44 Castle Age
24:21 Gold Mining
26:52 Hand Cart
26:40 Treadmill Crane
27:42 Gold Shaft Mining
31:49 Forging
35:48 Iron Casting
36:26 Bow Saw
42:10 Redemption
42:12 Fervor
45:16 Imperial Age
42:50 Heavy Plow
43:38 Scale Barding Armor
45:09 Chain Barding Armor
46:17 Conscription
45:21 Elite Mameluke
46:17 Bloodlines
46:08 Husbandry
47:08 Theocracy
46:59 Illumination
47:47 Two-Man Saw
47:08 Block Printing
49:10 Light Cavalry
49:21 Elite Skirmisher
50:06 Thumb Ring
50:42 Plate Barding Armor
55:19 Blast Furnace
54:15 Bodkin Arrow
54:20 Padded Archer Armor
56:03 Heavy Camel Rider
64:15 Crossbowman
65:23 Ballistics
66:04 Chemistry
66:45 Bracer
67:01 Leather Archer Armor
66:21 Arbalester
69:33 Ring Archer Armor
Connection lost

Rejoining the realm…

Still unreachable

The connection could not be restored.

Session expired

The server has moved on; the page needs a fresh start.